Map: Abyssal Reef LE

Players

AneYe

  • Race: Zerg Zerg
  • League: Diamond
  • Spawn Location: 5:00

Musumeci - Winner!

  • Race: Zerg Zerg
  • League: Diamond
  • Spawn Location: 11:00

VOD

Have the link to the VOD?

Description

Time

  • Played on: March 15, 2017, 1:11 p.m.
  • Length: 7:21
Show
View Real Time Build Order
Export as new Build Order

AneYe Zerg 

Build Orders: Pool First 

Get SALT Encoding   

  12  0:01  Drone  
  13  0:08  Drone  
  14  0:16  Overlord  
  14  0:35  Drone x3  
  17  0:45  Spawning Pool  
  17  0:49  Drone  
  17  0:53  Extractor  
  17  0:57  Drone  
  17  1:19  Hatchery  
  16  1:32  Zergling x4  
  18  1:33  Zergling x2  
  19  1:41  Queen  
  19  1:46  Drone  
  22  1:54  Metabolic Boost  
  22  2:10  Overlord  
  22  2:27  Queen  
  24  2:31  Drone x3  
  24  2:32  Drone  
  26  2:59  Baneling Nest  
  24  3:07  Zergling x6  
  24  3:08  Zergling x8  
  31  3:13  Queen  
  32  3:37  Zergling x2  
  30  3:45  Zergling x12  
  36  3:53  Baneling  
  36  3:54  Baneling  
  32  4:13  Zergling x8  
  31  4:35  Zergling x6  
  31  4:36  Zergling x8  
  32  4:48  Zergling x8  
  36  4:58  Baneling x3  
  30  5:05  Zergling x12  
  36  5:13  Lair  
  36  5:18  Evolution Chamber  
  36  5:19  Roach Warren  
  34  5:21  Baneling  
  31  5:52  Drone x5  
  31  5:54  Overlord  
  34  6:15  Drone x3  
  34  6:16  Drone  
  38  6:32  Roach x3  
  36  6:48  Roach x4  
Show
View Real Time Build Order
Export as new Build Order

Musumeci Zerg - Winner!

Build Orders: Pool First 

Get SALT Encoding   

  12  0:00  Drone  
  13  0:07  Drone  
  14  0:16  Overlord  
  14  0:24  Drone, Extractor  
  15  0:34  Drone  
  15  0:35  Drone  
  17  0:42  Extractor  
  16  0:49  Spawning Pool  
  15  0:53  Drone  
  16  1:00  Drone  
  17  1:25  Hatchery  
  16  1:28  Drone  
  17  1:34  Drone  
  18  1:41  Metabolic Boost  
  18  1:53  Queen  
  20  1:58  Drone  
  21  2:01  Drone  
  22  2:08  Overlord  
  22  2:24  Zergling x2, Baneling Nest  
  22  2:28  Zergling x2  
  23  2:33  Zergling x2  
  24  2:37  Zergling x2  
  23  2:57  Drone x2  
  23  2:58  Drone  
  26  3:05  Queen  
  28  3:17  Zergling x2  
  28  3:18  Zergling x4  
  31  3:24  Baneling x3  
  30  3:40  Zergling x12  
  34  3:55  Baneling x2  
  33  3:56  Overlord  
  32  4:15  Baneling  
  32  4:16  Zergling x12  
  30  4:53  Zergling x12  
  31  5:07  Drone x2  
  31  5:11  Evolution Chamber  
  31  5:15  Zergling x2  
  31  5:16  Zergling x6  
  31  5:20  Zergling x2  
  31  5:21  Zergling x6  
  36  5:39  Baneling x2  
  36  5:40  Baneling x2  
  33  5:49  Zergling x18  
  42  5:50  Zergling x2  
  42  5:54  Baneling  
  42  5:57  Zergling x2  
  43  6:09  Zergling x2  
  44  6:26  Baneling x2  
  43  6:34  Baneling x4  
  40  6:48  Zergling x8  
Tags
 
Add a new tag
Caveats
  • Supply blocks, unpowered buildings, or Contaminate may cause inaccurate times.
  • Supply counts are checked every 10 seconds.